 Dungeon Crawl Stone Soup version 0.27-a0-686-gaed091b46b (webtiles) character file.

Game seed: 5564745815811670212

0 jasper the Sneak (level 1, -3/18 HPs)
             Began as a Demonspawn Delver on Mar 21, 2021.
             Was an Initiate of Ru.
             Killed from afar by an orc wizard (7 damage)
             ... with a magic dart
             ... on level 4 of the Dungeon.
             The game lasted 00:01:18 (656 turns).

jasper the Sneak (Demonspawn Delver)                 Turns: 656, Time: 00:01:19

Health: -3/18      AC:  3    Str: 12    XL:     1   Next: 8%
Magic:  1/1        EV: 11    Int: 11    God:    Ru [......]
Gold:   42         SH:  0    Dex: 14    Spells: 0/0 levels left

rFire    . . .     SeeInvis .   a - +0 hand axe
rCold    . . .     Faith    .   (no shield)
rNeg     . . .     Spirit   .   b - +0 leather armour
rPois    .         Reflect  .   (no helmet)
rElec    .         Harm     .   (no cloak)
rCorr    .         Rampage  .   (no gloves)
Will     .....                  (no boots)
Stlth    ++........             (no amulet)
HPRegen  0.06/turn              (no ring)
MPRegen  0.07/turn              (no ring)

@: no status effects
A: no striking features
a: Renounce Religion


You were on level 4 of the Dungeon.
You worshipped Ru.
Ru was noncommittal.
You visited 1 branch of the dungeon, and saw 2 of its levels.

You collected 42 gold pieces.

Inventory:

Hand Weapons
 a - a +0 hand axe (weapon)
Armour
 b - a +0 leather armour (worn)
Wands
 e - a wand of random effects (13)
 g - a wand of digging (3)
Scrolls
 d - a scroll of magic mapping
Potions
 f - a potion of haste
 h - a potion of degeneration {unknown}


   Skills:
 - Level 3.0 Fighting
 + Level 1.8 Axes
 - Level 1.7 Dodging
 - Level 4.5 Stealth


You couldn't memorise any spells.
You didn't know any spells.
Your spell library was empty.

Dungeon Overview and Level Annotations

Branches:
Dungeon (5/15)
 Temple: D:4-7

Altars:
Fedhas
Okawaru
Ru

Annotations:
D:5 2 runed translucent doors, exclusions: iguana and worker ant, shittywizard's ghost, novice OpEn


Message History

Press: ? - help, Shift-Dir - straight line, f - orc
Aim: an orc, wielding a +0 hand axe, wearing a +0 leather armour and quivering boomerangs (asleep)
The orc is moving more slowly.
An orc comes into view.
The orc shouts!
An orc wizard comes into view. It is wielding a +0 dagger. x2
The helpless orc fails to defend itself.
You hit the orc.
The orc is moderately wounded.
The helpless orc fails to defend itself.
You slash the orc!
The orc is severely wounded.
Okay, then.
The goblin shouts! x2
The orc closely misses you.
Found a cloak.
The orc wizard shouts!
The orc hits you but does no damage.
The orc wizard shouts!
The orc wizard casts a spell at you. The magic dart hits you.
Found a blossoming altar of Fedhas.
You take 4 damage, and have 14/18 hp.
MASSIVE DAMAGE!!
The orc wizard points at you and mumbles some strange words.
You resist with significant effort.
Found an iron altar of Okawaru.
The orc wizard gestures at you while chanting.
The magic dart hits you. The orc hits you.
You take 6 damage, and have 8/18 hp.
MASSIVE DAMAGE!!
The orc wizard casts a spell at you. The magic dart hits you.
* * * LOW HITPOINT WARNING * * *
You take 4 damage, and have 4/18 hp.
MASSIVE DAMAGE!!
The orc wizard casts a spell at you. You resist with significant effort.
As you read the scroll of fog, it crumbles to dust.
The scroll dissolves into smoke.
The orc wizard gestures at you while chanting.
The magic dart hits you!
You die...

#......# #.........#
#......#####..o......#
#.........o..........#
#....................#
######...............##
#.................
#.........§.......
#........o§§.≈≈≈..
#.......§§@§.≈≈≈..
#≈≈.≈≈#####§§_≈...
#g≈.≈g# .≈≈.... #≈≈.≈≈#
≈..≈≈.. #..8.. ....+..
#.8_8 ....# . #####


You could see an orc wizard and 2 orcs.

Vanquished Creatures
  A frilled lizard (D:4)
1 creature vanquished.

Notes
Turn   | Place    | Note
-------+----------+-------------------------------------------
     0 | D:5      | jasper the Demonspawn Delver began the quest for the Orb.
     0 | D:5      | Reached XP level 1. HP: 18/18 MP: 1/1
     4 | D:5      | Noticed an iguana
    22 | D:5      | Found a sacrificial altar of Ru.
    31 | D:5      | Became a worshipper of Ru the Awakened
   371 | D:5      | Found a large runed translucent door.
   371 | D:5      | Found a large runed translucent door.
   374 | D:5      | Noticed shittywizard's ghost (novice OpEn)
   544 | D:5      | Noticed a worker ant
   589 | D:5      | Noticed a phantom
   646 | D:4      | Noticed an orc wizard
   646 | D:4      | Noticed an orc wizard
   651 | D:4      | Found a blossoming altar of Fedhas.
   652 | D:4      | Found an iron altar of Okawaru.
   656 | D:4      | Killed from afar by an orc wizard

Illustrated notes

Levels and vault maps discovered:
D:4:      minmay_recursive_quarters, layout_gridville,
          kennysheep_okawaru_gauntlet, fedhas_altar_2
D:5:      layout_cave_pools, nicolae_ru_sacrificial_ziggurat,
          ebering_ghost_disaster_area

Action                   || total
-------------------------++-------
Melee: Hand axe          ||     7
Evoke: Wand              ||     1
  Use: Scroll            ||     2
 Stab: Petrified         ||     2
Armor: Leather armour    ||     1
Dodge: Dodged            ||     3

Table legend: (Time is in decaauts)
 A = Elapsed time spent in this place.
 B = Non-inter-level travel time spent in this place.
 C = Inter-level travel time spent in this place.
 D = Time resting spent in this place.
 E = Time spent auto-exploring this place.
 F = Levels seen in this place.
 G = Mean time per level.
                   A        B        C        D        E       F      G
               +--------+--------+--------+--------+--------+-----+--------+
         Total |    658 |    658 |      0 |    366 |    115 |   2 |  329.0 |
       Dungeon |    658 |    658 |      0 |    366 |    115 |   2 |  329.0 |
               +--------+--------+--------+--------+--------+-----+--------+

Top non-repeatable levels by time:
     D:5: 541 daAuts
     D:4: 116 daAuts
